 Dungeon Crawl Stone Soup version 0.31-a0-152-g6aa68a64a1 (webtiles) character file.

Game seed: 8578057467208727499

11202 qw the Skirmisher (level 11, -2/106 HPs)
             Began as a Naga Hunter on June 10, 2023.
             Was a Priest of Okawaru.
             Slain by a komodo dragon (9 damage)
             ... on level 1 of the Lair of Beasts.
             The game lasted 00:04:02 (10579 turns).

qw the Skirmisher (Naga Hunter)                    Turns: 10579, Time: 00:04:02

Health: -2/106     AC: 24    Str: 14    XL:     11   Next: 74%
Magic:  14/14      EV: 15    Int: 10    God:    Okawaru [***...]
Gold:   122        SH:  0    Dex: 18    Spells: 10/10 levels left

rFire   + . .        y - +1 orcbow (heavy)
rCold   + . .        (shield currently unavailable)
rNeg    + . .        z - +10 Cigotuvi's embrace {Corpsefed rMiasma Drain rN+}
rPois   +            d - +2 helmet
rElec   .            v - scarf {rC+ rF+}
rCorr   .            r - +0 pair of gloves
SInv    +            (no barding)
Will    ++...        n - amulet of the acrobat
Stlth   +++          p - ring of willpower
HPRegen 0.37/turn    q - +4 ring of protection
MPRegen 0.14/turn

%: acrobat
@: about to teleport, short of breath, heroic, marked, very slow
A: AC +3, large, see invisible, deformed body, poison resistance, slowness 2,
spit poison 1, naga tail 1
a: Spit Poison, Renounce Religion, Heroism


You were on level 1 of the Lair of Beasts.
You worshipped Okawaru.
Okawaru was most pleased with you.
You visited 3 branches of the dungeon, and saw 12 of its levels.
You also visited: Ossuary.

You collected 520 gold pieces.
You spent 398 gold pieces at shops.


Innate Abilities, Weirdness & Mutations

Your serpentine skin is tough. (AC +3)
You have supernaturally acute eyesight. (SInv)
Armour fits poorly on your strangely shaped body.
Your system is resistant to poisons. (rPois)
You cover ground very slowly.
You can spit poison.
You have a snake-like lower body.


   Skills:
 - Level 9.0(14.0) Fighting
 + Level 13.5(18.5) Ranged Weapons
 - Level 2.0(7.0) Armour
 - Level 5.1(10.1) Dodging
 - Level 1.5(6.5) Stealth
 - Level 4.0 Invocations


You had 10 spell levels left.
You didn't know any spells.
Your spell library was empty.

Inventory:

Hand Weapons
 y - a +1 heavy orcbow (weapon)
Armour
 a - a +0 ring mail of fire resistance
 d - a +2 helmet (worn)
 r - a +0 pair of gloves (worn)
 v - a scarf of resistance (worn)
 w - a +0 cloak
 z - the +10 Cigotuvi's embrace (worn) {Corpsefed rMiasma Drain rN+}
   (You took it off a kobold demonologist on level 8 of the Dungeon)

   Corpsefed: It gathers nearby corpses to temporarily increase the armour it
   provides.
   rMiasma:   It protects you from foul pestilence.
   rN:        It protects you from negative energy.
   Drain:     It drains your maximum health when unequipped.
Jewellery
 n - an amulet of the acrobat (around neck)
 p - a ring of willpower (left hand)
 q - a +4 ring of protection (right hand)
 Y - a +6 ring of strength
Scrolls
 f - 4 scrolls of teleportation
 i - a scroll of identify
Potions
 b - 4 potions of mutation
 c - a potion of cancellation
 h - 8 potions of curing
 o - a potion of resistance
 s - a potion of haste

Dungeon Overview and Level Annotations

Branches:
Dungeon (10/15)            Temple (1/1) D:7            Lair (1/5) D:10
Ossuary (visited)
    Orc: D:9-12

Altars:
Ashenzari
Cheibriados
Dithmenos
Elyvilon
Fedhas
Gozag
Hepliaklqana
Kikubaaqudgha
Makhleb
Nemelex Xobeh
Okawaru
Qazlal
Ru
Sif Muna
Trog
Uskayaw
Vehumet
Wu Jian
Xom
Yredelemnul
Zin
The Shining One

Shops:
D:8 :***   D:9 *

Portals:
Trove: D:10 (give 7 scrolls of blinking)

Annotations:
D:7 1 runed translucent door, Crazy Yiuf


Message History

The death yak is lightly wounded.
You have got your breath back.
The death yak gores you.
The death yak gores you but does no damage.
The komodo dragon barely misses you.
10574 ||| INVOKING Spit Poison.
Aiming: Spit Poison (1% risk of failure)
Press: ? - help, Shift-Dir - straight line, f/p - death yak The splash of poison hits the death yak!
The death yak is poisoned.
The death yak is moderately wounded.
The death yak completely misses you. The death yak gores you.
The komodo dragon bites you but does no damage.
You shoot an arrow. The arrow hits the death yak!!
The death yak is severely wounded.
A yak comes into view.
The death yak gores you!
The death yak gores you but does no damage.
The komodo dragon bites you!
You shoot an arrow. The arrow hits the death yak!
The death yak is almost dead.
The death yak completely misses you. The death yak barely misses you.
The komodo dragon bites you! The death yak gores you. The death yak gores you!
A yak comes into view.
10577 ||| READING 5 scrolls of teleportation.
As you read the scroll of teleportation, it crumbles to dust.
You feel strangely unstable. The komodo dragon bites you!!
The death yak completely misses you. The death yak barely misses you.
10578 ||| DRINKING potion of heal wounds.
You feel much better. The komodo dragon bites you!
The death yak gores you but does no damage.
A yak comes into view.
The death yak gores you!
You shoot an arrow.
The arrow hits the death yak but does no damage.
The death yak is almost dead.
The komodo dragon bites you!
You die...

# #.#. #
##.....
#####.##.......
#.Y.Y.Y@l......
Y.#####Y#......
### ..... ....
... .. .


You could see 2 death yaks, a komodo dragon and 3 yaks.

Vanquished Creatures
  Erica (D:8)
  A centaur warrior (D:8)
  2 two-headed ogres
  A death yak (Lair:1)
  A manticore (D:8)
  Joseph (D:8)
  Maggie (D:7)
  2 kobold demonologists (D:8)
  2 hornets
  A slime creature (D:8)
  2 wyverns
  A shadow (D:10)
  9 yaks
  A steam dragon (D:7)
  2 wraiths
  A basilisk (D:10)
  An acid dragon (D:10)
  Duvessa (D:7)
  2 water moccasins
  3 orc warriors
  2 ice beasts (D:6)
  A black bear (D:8)
  4 sky beasts
  3 centaurs
  A phantom (D:6)
  2 kobold brigands
  4 bullfrogs
  4 scorpions
  4 wights (D:9)
  Dowan (D:7)
  3 killer bees (D:10)
  A howler monkey (D:6)
  A hound (D:6)
  2 gnoll boudas
  4 orc priests
  2 sleepcaps
  3 iguanas
  Ijyb (D:4)
  9 orc wizards
  3 mummies (Ossuary)
  Robin (D:4)
  9 gnolls
  9 adders
  A shadow imp (D:6)
  2 white imps
  4 ufetubi
  6 worms
  4 dart slugs
  26 orcs
  11 ball pythons
  11 endoplasms
  2 giant cockroaches (D:1)
  A gnoll zombie (Ossuary)
  20 goblins
  2 hobgoblins
  6 jackals
  14 kobolds
  A quokka (D:4)
  5 bats
  2 frilled lizards (D:1)
  6 goblin zombies
  3 hobgoblin zombies (Ossuary)
  2 kobold zombies (Ossuary)
  A quokka zombie (D:7)
  4 rats
244 creatures vanquished.

Vanquished Creatures (others)
  Maurice (D:8)
1 creature vanquished.

Grand Total: 245 creatures vanquished

Notes
Turn   | Place    | Note
-------+----------+-------------------------------------------
     0 | D:1      | qw the Naga Hunter began the quest for the Orb.
     0 | D:1      | Reached XP level 1. HP: 19/19 MP: 1/1
     0 | D:1      | 0 ||| qw: Version: 0.2-a-29-g8b02136
     0 | D:1      | 0 ||| qw: Game counter: 3812
     0 | D:1      | 0 ||| qw: Always use a shield: true
     0 | D:1      | 0 ||| qw: God list: Okawaru
     0 | D:1      | 0 ||| qw: Allow faded altars: false
     0 | D:1      | 0 ||| qw: Do Orc after D:15 true
     0 | D:1      | 0 ||| qw: Do second Lair branch before Depths: true
     0 | D:1      | 0 ||| qw: Lair rune preference: random
     0 | D:1      | 0 ||| qw: Plans: Normal
     0 | D:1      | 0 ||| PLANNING D:1-11
   152 | D:1      | 152 ||| INVOKING Spit Poison.
   162 | D:1      | 162 ||| INVOKING Spit Poison.
   198 | D:1      | 198 ||| INVOKING Spit Poison.
   236 | D:1      | 236 ||| INVOKING Spit Poison.
   242 | D:1      | Reached skill level 4 in Ranged Weapons
   242 | D:1      | Reached XP level 2. HP: 26/26 MP: 2/2
   267 | D:1      | 267 ||| INVOKING Spit Poison.
   333 | D:1      | 333 ||| INVOKING Spit Poison.
   340 | D:1      | 340 ||| INVOKING Spit Poison.
   359 | D:1      | 359 ||| INVOKING Spit Poison.
   374 | D:1      | 374 ||| INVOKING Spit Poison.
   375 | D:1      | 375 ||| INVOKING Spit Poison.
   377 | D:1      | Reached XP level 3. HP: 32/32 MP: 3/3
   521 | D:1      | 521 ||| INVOKING Spit Poison.
   627 | D:1      | 627 ||| INVOKING Spit Poison.
   664 | D:1      | 664 ||| INVOKING Spit Poison.
   759 | D:1      | 759 ||| UPGRADING to +0 helmet.
   764 | D:1      | 764 ||| READING scroll labelled SEPNUE RUEM.
   765 | D:1      | 765 ||| READING 2 scrolls labelled YKKAHE NAYRACS.
   768 | D:1      | 768 ||| READING scroll labelled PILID MUUTYMOD.
   769 | D:1      | 769 ||| READING scroll labelled TUECIU HAPP.
   770 | D:1      | 770 ||| READING 3 scrolls labelled IGAASM ROOZI.
   771 | D:1      | 771 ||| READING 2 scrolls labelled YGUYCRILEC.
   772 | D:1      | 772 ||| READING scroll of brand weapon.
   772 | D:1      | 772 ||| BRANDING +1 shortbow of freezing.
   773 | D:1      | 773 ||| DROPPING scroll of butterflies.
   828 | D:2      | 828 ||| INVOKING Spit Poison.
   832 | D:2      | 832 ||| INVOKING Spit Poison.
   838 | D:2      | 838 ||| INVOKING Spit Poison.
   966 | D:2      | 966 ||| INVOKING Spit Poison.
   969 | D:2      | Reached skill level 5 in Ranged Weapons
   969 | D:2      | Reached XP level 4. HP: 39/39 MP: 4/4
   980 | D:2      | 980 ||| INVOKING Spit Poison.
  1005 | D:2      | 1005 ||| INVOKING Spit Poison.
  1023 | D:2      | 1023 ||| INVOKING Spit Poison.
  1118 | D:2      | Identified the +0 leather armour of Sahygage {rC+ Will+}
  1124 | D:2      | 1124 ||| INVOKING Spit Poison.
  1134 | D:2      | 1134 ||| INVOKING Spit Poison.
  1140 | D:2      | 1140 ||| READING 2 scrolls of brand weapon.
  1140 | D:2      | 1140 ||| BRANDING +1 shortbow of electrocution.
  1273 | D:2      | 1273 ||| INVOKING Spit Poison.
  1285 | D:2      | 1285 ||| UPGRADING to +0 leather armour of Sahygage {rC+
                  | Will+}.
  1295 | D:2      | 1295 ||| DROPPING +0 leather armour.
  1296 | D:2      | 1296 ||| READING scroll labelled MUUMICLUPTAIKO.
  1397 | D:2      | 1397 ||| READING scroll labelled BYDWIBYQEO.
  1398 | D:2      | 1398 ||| READING 5 scrolls of identify.
  1398 | D:2      | 1398 ||| IDENTIFYING golden potion
  1399 | D:2      | 1399 ||| READING 4 scrolls of identify.
  1399 | D:2      | 1399 ||| IDENTIFYING grey potion
  1400 | D:2      | 1400 ||| DROPPING potion of enlightenment.
  1414 | D:3      | 1414 ||| INVOKING Spit Poison.
  1417 | D:3      | 1417 ||| STAIRDANCE
  1419 | D:2      | 1419 ||| INVOKING Spit Poison.
  1464 | D:3      | 1464 ||| STAIRDANCE
  1466 | D:2      | 1466 ||| INVOKING Spit Poison.
  1468 | D:2      | Reached skill level 3 in Fighting
  1505 | D:3      | 1505 ||| INVOKING Spit Poison.
  1510 | D:3      | 1510 ||| STAIRDANCE
  1512 | D:2      | 1512 ||| INVOKING Spit Poison.
  1607 | D:3      | 1607 ||| INVOKING Spit Poison.
  1610 | D:3      | 1610 ||| STAIRDANCE
  1656 | D:3      | 1656 ||| INVOKING Spit Poison.
  1658 | D:3      | Reached XP level 5. HP: 49/49 MP: 5/5
  1660 | D:3      | 1660 ||| INVOKING Spit Poison.
  1662 | D:3      | 1662 ||| STAIRDANCE
  1684 | D:3      | 1684 ||| INVOKING Spit Poison.
  1735 | D:3      | Identified the +0 chain mail "Ijuv" {rF- rN+++ Regen+
                  | Slay-6}
  1780 | D:3      | 1780 ||| INVOKING Spit Poison.
  1822 | D:3      | 1822 ||| INVOKING Spit Poison.
  1826 | D:3      | 1826 ||| INVOKING Spit Poison.
  1891 | D:3      | 1891 ||| INVOKING Spit Poison.
  1956 | D:3      | 1956 ||| INVOKING Spit Poison.
  1959 | D:3      | 1959 ||| INVOKING Spit Poison.
  1963 | D:3      | 1963 ||| INVOKING Spit Poison.
  2142 | D:3      | 2142 ||| INVOKING Spit Poison.
  2182 | D:3      | 2182 ||| DROPPING +0 ring mail of willpower.
  2183 | D:3      | 2183 ||| READING scroll labelled YWOCOE OMPA.
  2220 | D:4      | 2220 ||| INVOKING Spit Poison.
  2246 | D:4      | 2246 ||| Stepping ~*~*~tactically~*~*~ (outnumbered).
  2248 | D:4      | 2248 ||| INVOKING Spit Poison.
  2251 | D:4      | 2251 ||| INVOKING Spit Poison.
  2253 | D:4      | Reached skill level 6 in Ranged Weapons
  2253 | D:4      | Reached XP level 6. HP: 54/56 MP: 6/6
  2254 | D:4      | 2254 ||| INVOKING Spit Poison.
  2258 | D:4      | 2258 ||| INVOKING Spit Poison.
  2331 | D:4      | 2331 ||| READING scroll of enchant weapon.
  2331 | D:4      | 2331 ||| ENCHANTING +1 heavy shortbow.
  2401 | D:4      | 2401 ||| INVOKING Spit Poison.
  2474 | D:4      | Identified the +0 helmet of Qieffuan {Will+}
  2474 | D:4      | Noticed Robin
  2476 | D:4      | 2476 ||| INVOKING Spit Poison.
  2479 | D:4      | 2479 ||| INVOKING Spit Poison.
  2481 | D:4      | Killed Robin
  2482 | D:4      | 2482 ||| INVOKING Spit Poison.
  2486 | D:4      | 2486 ||| INVOKING Spit Poison.
  2490 | D:4      | 2490 ||| INVOKING Spit Poison.
  2494 | D:4      | 2494 ||| INVOKING Spit Poison.
  2553 | D:4      | 2553 ||| READING scroll of enchant armour.
  2553 | D:4      | 2553 ||| ENCHANTING +0 helmet.
  2556 | D:4      | 2556 ||| INVOKING Spit Poison.
  2563 | D:4      | 2563 ||| READING scroll of enchant armour.
  2563 | D:4      | 2563 ||| ENCHANTING +1 helmet.
  2583 | D:4      | 2583 ||| INVOKING Spit Poison.
  2593 | D:4      | 2593 ||| INVOKING Spit Poison.
  2641 | D:4      | 2641 ||| INVOKING Spit Poison.
  2646 | D:4      | 2646 ||| INVOKING Spit Poison.
  2650 | D:4      | 2650 ||| INVOKING Spit Poison.
  2654 | D:4      | 2654 ||| INVOKING Spit Poison.
  2679 | D:4      | 2679 ||| INVOKING Spit Poison.
  2682 | D:4      | Found a radiant altar of Vehumet.
  2686 | D:4      | 2686 ||| INVOKING Spit Poison.
  2727 | D:4      | 2727 ||| INVOKING Spit Poison.
  2955 | D:4      | 2955 ||| INVOKING Spit Poison.
  2956 | D:4      | Noticed Ijyb
  2958 | D:4      | 2958 ||| INVOKING Spit Poison.
  2961 | D:4      | 2961 ||| INVOKING Spit Poison.
  2962 | D:4      | Killed Ijyb
  3277 | D:4      | 3277 ||| DROPPING +0 helmet of Qieffuan {Will+}.
  3278 | D:4      | 3278 ||| READING scroll labelled LYT SAGINIOX.
  3279 | D:4      | 3279 ||| DRINKING 2 smoky red potions.
  3280 | D:4      | 3280 ||| DRINKING 2 fizzy green potions.
  3281 | D:4      | 3281 ||| DRINKING 2 murky red potions.
  3334 | D:4      | 3334 ||| READING 5 scrolls of identify.
  3334 | D:4      | 3334 ||| IDENTIFYING fuming ruby potion
  3335 | D:4      | 3335 ||| READING 4 scrolls of identify.
  3335 | D:4      | 3335 ||| IDENTIFYING lumpy green potion
  3336 | D:4      | 3336 ||| DROPPING potion of lignification.
  3337 | D:4      | 3337 ||| DROPPING potion of invisibility.
  3338 | D:4      | 3338 ||| DROPPING potion of brilliance.
  3380 | D:5      | Entered Level 5 of the Dungeon
  3384 | D:5      | 3384 ||| INVOKING Spit Poison.
  3388 | D:5      | 3388 ||| INVOKING Spit Poison.
  3420 | D:5      | 3420 ||| INVOKING Spit Poison.
  3423 | D:5      | Reached XP level 7. HP: 64/64 MP: 7/7
  3505 | D:5      | 3505 ||| INVOKING Spit Poison.
  3509 | D:5      | 3509 ||| INVOKING Spit Poison.
  3510 | D:5      | 3510 ||| INVOKING Spit Poison.
  3525 | D:5      | 3525 ||| INVOKING Spit Poison.
  3622 | D:5      | 3622 ||| INVOKING Spit Poison.
  3624 | D:5      | Reached skill level 7 in Ranged Weapons
  3629 | D:5      | 3629 ||| INVOKING Spit Poison.
  3633 | D:5      | 3633 ||| INVOKING Spit Poison.
  3663 | D:5      | 3663 ||| INVOKING Spit Poison.
  3751 | D:5      | 3751 ||| INVOKING Spit Poison.
  3756 | D:5      | 3756 ||| INVOKING Spit Poison.
  4032 | D:5      | 4032 ||| INVOKING Spit Poison.
  4298 | D:5      | 4298 ||| UPGRADING to +6 ring of strength.
  4299 | D:5      | 4299 ||| READING scroll labelled UZEIBLO ASIU.
  4300 | D:5      | 4300 ||| READING scroll labelled FIELYNOP FOL.
  4373 | D:6      | HP: 14/64 [ice beast (3)]
  4374 | D:6      | 4374 ||| READING 3 scrolls of teleportation.
  4376 | D:6      | Reached skill level 8 in Ranged Weapons
  4376 | D:6      | Reached XP level 8. HP: 11/72 MP: 8/8
  4413 | D:6      | 4413 ||| INVOKING Spit Poison.
  4416 | D:6      | 4416 ||| INVOKING Spit Poison.
  4419 | D:6      | 4419 ||| INVOKING Spit Poison.
  4581 | D:6      | 4581 ||| INVOKING Spit Poison.
  4621 | D:6      | 4621 ||| INVOKING Spit Poison.
  4625 | D:6      | 4625 ||| INVOKING Spit Poison.
  4628 | D:6      | 4628 ||| INVOKING Spit Poison.
  4633 | D:6      | 4633 ||| INVOKING Spit Poison.
  4649 | D:6      | 4649 ||| INVOKING Spit Poison.
  4652 | D:6      | 4652 ||| INVOKING Spit Poison.
  4687 | D:6      | 4687 ||| INVOKING Spit Poison.
  4691 | D:6      | 4691 ||| INVOKING Spit Poison.
  4695 | D:6      | 4695 ||| INVOKING Spit Poison.
  4698 | D:6      | 4698 ||| INVOKING Spit Poison.
  4718 | D:6      | 4718 ||| INVOKING Spit Poison.
  4721 | D:6      | 4721 ||| INVOKING Spit Poison.
  4726 | D:6      | Noticed a wyvern
  4728 | D:6      | 4728 ||| INVOKING Spit Poison.
  4732 | D:6      | 4732 ||| INVOKING Spit Poison.
  4734 | D:6      | Killed a wyvern
  4735 | D:6      | Reached skill level 9 in Ranged Weapons
  4738 | D:6      | 4738 ||| INVOKING Spit Poison.
  4741 | D:6      | Reached skill level 1 in Armour
  4821 | D:6      | 4821 ||| INVOKING Spit Poison.
  4897 | D:6      | 4897 ||| INVOKING Spit Poison.
  4901 | D:6      | 4901 ||| INVOKING Spit Poison.
  4907 | D:6      | 4907 ||| INVOKING Spit Poison.
  4910 | D:6      | 4910 ||| INVOKING Spit Poison.
  4914 | D:6      | 4914 ||| INVOKING Spit Poison.
  4916 | D:6      | Reached XP level 9. HP: 69/82 MP: 9/9
  4968 | D:6      | 4968 ||| INVOKING Spit Poison.
  4986 | D:6      | 4986 ||| INVOKING Spit Poison.
  5003 | D:6      | Found a glowing silver altar of Zin.
  5109 | D:6      | 5109 ||| READING 3 scrolls of identify.
  5109 | D:6      | 5109 ||| IDENTIFYING blue potion
  5135 | D:7      | Noticed Duvessa
  5136 | D:7      | 5136 ||| PLANNING OSSUARY
  5138 | D:7      | 5138 ||| INVOKING Spit Poison.
  5138 | D:7      | Noticed Dowan
  5139 | D:7      | Killed Duvessa
  5140 | D:7      | Reached skill level 3 in Dodging
  5143 | D:7      | 5143 ||| INVOKING Spit Poison.
  5150 | D:7      | 5150 ||| INVOKING Spit Poison.
  5151 | D:7      | Killed Dowan
  5198 | D:7      | Found a sand-covered staircase.
  5211 | Ossuary  | Entered an ossuary
  5368 | Ossuary  | Reached skill level 6 in Fighting
  5688 | Ossuary  | 5688 ||| UPGRADING to +4 ring of protection.
  5689 | Ossuary  | 5689 ||| READING scroll labelled QEXUINT NUITY.
  5808 | Ossuary  | 5808 ||| DRINKING 3 yellow potions.
  5809 | Ossuary  | 5809 ||| READING 4 scrolls of identify.
  5809 | Ossuary  | 5809 ||| IDENTIFYING bubbling cyan potion
  5810 | Ossuary  | 5810 ||| READING 3 scrolls of identify.
  5810 | Ossuary  | 5810 ||| IDENTIFYING dark potion
  5811 | Ossuary  | 5811 ||| DROPPING 2 potions of attraction.
  5812 | Ossuary  | 5812 ||| DROPPING potion of berserk rage.
  5829 | D:7      | 5829 ||| PLANNING D:1-11
  5915 | D:7      | 5915 ||| INVOKING Spit Poison.
  5918 | D:7      | 5918 ||| INVOKING Spit Poison.
  5967 | D:7      | 5967 ||| UPGRADING to amulet of the acrobat.
  5972 | D:7      | Found a staircase to the Ecumenical Temple.
  5972 | D:7      | Noticed Maggie
  5973 | D:7      | 5973 ||| PLANNING TEMPLE
  5975 | D:7      | 5975 ||| INVOKING Spit Poison.
  5979 | D:7      | 5979 ||| INVOKING Spit Poison.
  5983 | D:7      | Killed Maggie
  6088 | Temple   | Entered the Ecumenical Temple
  6125 | Temple   | 6125 ||| PLANNING OKAWARU WORSHIP
  6348 | Temple   | Became a worshipper of Warmaster Okawaru
  6348 | Temple   | 6348 ||| PLANNING D:1-11
  6560 | D:7      | 6560 ||| INVOKING Spit Poison.
  6563 | D:7      | Reached skill level 10 in Ranged Weapons
  6563 | D:7      | 6563 ||| INVOKING Spit Poison.
  6567 | D:7      | 6567 ||| INVOKING Spit Poison.
  6571 | D:7      | 6571 ||| INVOKING Spit Poison.
  6576 | D:7      | 6576 ||| INVOKING Spit Poison.
  6580 | D:7      | 6580 ||| INVOKING Spit Poison.
  6583 | D:7      | 6583 ||| INVOKING Spit Poison.
  6798 | D:7      | Found a runed translucent door.
  6799 | D:7      | Noticed Crazy Yiuf
  6970 | D:7      | 6970 ||| UPGRADING to +0 pair of gloves.
  6975 | D:7      | 6975 ||| UPGRADING to ring of willpower.
  6977 | D:7      | 6977 ||| READING 3 scrolls of identify.
  6977 | D:7      | 6977 ||| IDENTIFYING sapphire potion
  7008 | D:8      | 7008 ||| INVOKING Spit Poison.
  7013 | D:8      | 7013 ||| INVOKING Spit Poison.
  7048 | D:8      | 7048 ||| INVOKING Spit Poison.
  7051 | D:8      | Reached * piety under Okawaru
  7073 | D:8      | Noticed Erica
  7074 | D:8      | 7074 ||| INVOKING Heroism.
  7075 | D:8      | 7075 ||| INVOKING Spit Poison.
  7078 | D:8      | 7078 ||| INVOKING Spit Poison.
  7084 | D:8      | 7084 ||| INVOKING Spit Poison.
  7086 | D:8      | Killed Erica
  7087 | D:8      | Reached skill level 11 in Ranged Weapons
  7087 | D:8      | Reached XP level 10. HP: 78/94 MP: 8/10
  7144 | D:8      | Found Umuag's Book Boutique.
  7161 | D:8      | Found Ziphecvecsuo's Assorted Antiques.
  7169 | D:8      | 7169 ||| BUYING brass wand (88 gold).
  7169 | D:8      | Bought a brass wand for 88 gold pieces
  7169 | D:8      | 7169 ||| BUYING embroidered scarf (176 gold).
  7169 | D:8      | Bought an embroidered scarf for 176 gold pieces
  7169 | D:8      | 7169 ||| BUYING potion of heal wounds (110 gold).
  7169 | D:8      | Bought a potion of heal wounds for 110 gold pieces
  7169 | D:8      | 7169 ||| SHOPLISTING worn fluorescent wand (88 gold, have
                  | 12).
  7203 | D:8      | 7203 ||| INVOKING Spit Poison.
  7209 | D:8      | 7209 ||| INVOKING Spit Poison.
  7213 | D:8      | Noticed Maurice
  7214 | D:8      | 7214 ||| INVOKING Spit Poison.
  7219 | D:8      | 7219 ||| INVOKING Spit Poison.
  7223 | D:8      | 7223 ||| INVOKING Spit Poison.
  7224 | D:8      | Noticed Joseph
  7224 | D:8      | Killed Maurice
  7225 | D:8      | Reached skill level 1 in Invocations
  7230 | D:8      | 7230 ||| INVOKING Heroism.
  7235 | D:8      | 7235 ||| INVOKING Spit Poison.
  7237 | D:8      | Killed Joseph
  7452 | D:8      | 7452 ||| INVOKING Spit Poison.
  7457 | D:8      | 7457 ||| INVOKING Spit Poison.
  7461 | D:8      | 7461 ||| INVOKING Spit Poison.
  7463 | D:8      | Reached skill level 3 in Invocations
  7466 | D:8      | 7466 ||| INVOKING Spit Poison.
  7469 | D:8      | 7469 ||| INVOKING Heroism.
  7470 | D:8      | 7470 ||| INVOKING Spit Poison.
  7475 | D:8      | HP: 19/94 [yak (10)]
  7476 | D:8      | 7476 ||| READING 4 scrolls of teleportation.
  7477 | D:8      | 7477 ||| DRINKING 3 potions of heal wounds.
  7478 | D:8      | 7478 ||| DRINKING 2 potions of heal wounds.
  7479 | D:8      | 7479 ||| INVOKING Spit Poison.
  7654 | D:8      | 7654 ||| INVOKING Spit Poison.
  7659 | D:8      | 7659 ||| INVOKING Spit Poison.
  7661 | D:8      | Reached ** piety under Okawaru
  7664 | D:8      | 7664 ||| INVOKING Spit Poison.
  7669 | D:8      | 7669 ||| INVOKING Spit Poison.
  7672 | D:8      | 7672 ||| INVOKING Heroism.
  7792 | D:8      | 7792 ||| INVOKING Spit Poison.
  7794 | D:8      | Paralysed by a hornet for 2 turns
  7797 | D:8      | 7797 ||| INVOKING Heroism.
  7798 | D:8      | 7798 ||| INVOKING Spit Poison.
  7800 | D:8      | 7800 ||| INVOKING Spit Poison.
  7825 | D:8      | 7825 ||| INVOKING Heroism.
  7826 | D:8      | 7826 ||| INVOKING Spit Poison.
  7832 | D:8      | 7832 ||| INVOKING Spit Poison.
  7983 | D:8      | Found Sunwum's Assorted Antiques.
  7988 | D:8      | 7988 ||| BUYING amethyst potion (24 gold).
  7988 | D:8      | Bought an amethyst potion for 24 gold pieces
  7988 | D:8      | 7988 ||| SHOPLISTING scroll labelled AVO JUITHEVYTI (27
                  | gold, have 11).
  8013 | D:8      | Found Vocwo's Assorted Antiques.
  8019 | D:8      | 8019 ||| SHOPLISTING potion of curing (66 gold, have 11).
  8019 | D:8      | 8019 ||| SHOPLISTING scroll of enchant weapon (165 gold,
                  | have 11).
  8019 | D:8      | 8019 ||| SHOPLISTING scroll of identify (44 gold, have 11).
  8019 | D:8      | 8019 ||| SHOPLISTING scroll of teleportation (66 gold, have
                  | 11).
  8036 | D:8      | 8036 ||| Stepping ~*~*~tactically~*~*~ (outnumbered).
  8037 | D:8      | 8037 ||| INVOKING Spit Poison.
  8041 | D:8      | 8041 ||| INVOKING Heroism.
  8043 | D:8      | 8043 ||| INVOKING Spit Poison.
  8048 | D:8      | 8048 ||| INVOKING Spit Poison.
  8078 | D:8      | 8078 ||| INVOKING Spit Poison.
  8084 | D:8      | 8084 ||| INVOKING Spit Poison.
  8307 | D:8      | Noticed a centaur warrior
  8308 | D:8      | 8308 ||| Stepping ~*~*~tactically~*~*~ (outnumbered).
  8310 | D:8      | 8310 ||| INVOKING Spit Poison.
  8362 | D:8      | Noticed a manticore
  8363 | D:8      | 8363 ||| INVOKING Heroism.
  8365 | D:8      | 8365 ||| INVOKING Spit Poison.
  8368 | D:8      | 8368 ||| INVOKING Spit Poison.
  8371 | D:8      | 8371 ||| INVOKING Spit Poison.
  8373 | D:8      | Killed a manticore
  8388 | D:8      | Noticed a kobold demonologist
  8391 | D:8      | 8391 ||| INVOKING Spit Poison.
  8391 | D:8      | Noticed an orange demon
  8397 | D:8      | 8397 ||| INVOKING Spit Poison.
  8399 | D:8      | Noticed a soul eater
  8399 | D:8      | 8399 ||| INVOKING Heroism.
  8401 | D:8      | 8401 ||| INVOKING Spit Poison.
  8402 | D:8      | Killed a kobold demonologist
  8403 | D:8      | Reached skill level 12 in Ranged Weapons
  8404 | D:8      | 8404 ||| INVOKING Spit Poison.
  8409 | D:8      | HP: 24/96 [poisoned by an orange demon]
  8420 | D:8      | 8420 ||| INVOKING Heroism.
  8454 | D:8      | 8454 ||| INVOKING Heroism.
  8461 | D:8      | Reached XP level 11. HP: 42/103 MP: 11/14
  8628 | D:8      | Identified the +4 quarterstaff of the Kissing Hawk {drain,
                  | Will+ Str+4 Dex-5}
  8629 | D:8      | 8629 ||| SWAPPING to +0 orcbow.
  8630 | D:8      | 8630 ||| DROPPING +2 heavy shortbow.
  8631 | D:8      | 8631 ||| READING 2 scrolls of brand weapon.
  8631 | D:8      | 8631 ||| BRANDING +0 orcbow.
  8632 | D:8      | 8632 ||| READING scroll of brand weapon.
  8632 | D:8      | 8632 ||| BRANDING +0 orcbow of flaming.
  8643 | D:8      | Identified the +3 leather armour of Pasmaeg {rF- Str+6}
  8698 | D:8      | 8698 ||| INVOKING Spit Poison.
  8699 | D:8      | 8699 ||| Stepping ~*~*~tactically~*~*~ (outnumbered).
  8701 | D:8      | 8701 ||| INVOKING Spit Poison.
  8706 | D:8      | 8706 ||| INVOKING Heroism.
  8707 | D:8      | 8707 ||| INVOKING Spit Poison.
  8726 | D:8      | 8726 ||| READING scroll of enchant weapon.
  8726 | D:8      | 8726 ||| ENCHANTING +0 heavy orcbow.
  8793 | D:8      | Identified the +6 trident "Dohurph" {freeze, Dex+3 SInv}
  8797 | D:8      | 8797 ||| INVOKING Spit Poison.
  8799 | D:8      | Killed a centaur warrior
  8821 | D:8      | 8821 ||| INVOKING Spit Poison.
  8821 | D:8      | Noticed a soul eater
  8837 | D:8      | 8837 ||| INVOKING Spit Poison.
  8845 | D:8      | 8845 ||| DROPPING +2 leather armour of willpower.
  8846 | D:8      | 8846 ||| DROPPING +2 ring mail of positive energy.
  8847 | D:8      | 8847 ||| DROPPING +2 robe of cold resistance.
  8848 | D:8      | 8848 ||| UPGRADING to scarf of resistance.
  8853 | D:8      | 8853 ||| UPGRADING to +4 Cigotuvi's embrace {Corpsefed
                  | rMiasma Drain rN+}.
  8863 | D:8      | 8863 ||| READING 2 scrolls of identify.
  8863 | D:8      | 8863 ||| IDENTIFYING amethyst potion
  8864 | D:8      | 8864 ||| DROPPING +0 leather armour of Sahygage {rC+
                  | Will+}.
  8865 | D:8      | 8865 ||| DROPPING +3 leather armour of Pasmaeg {rF- Str+6}.
  8866 | D:8      | 8866 ||| DROPPING +0 robe of resistance.
  8867 | D:8      | 8867 ||| DROPPING +2 robe of fire resistance.
  8868 | D:8      | 8868 ||| DROPPING wand of paralysis (5).
  8869 | D:8      | 8869 ||| DROPPING potion of ambrosia.
  8927 | D:9      | Noticed a two-headed ogre
  8928 | D:9      | 8928 ||| INVOKING Heroism.
  8931 | D:9      | 8931 ||| INVOKING Spit Poison.
  8935 | D:9      | Killed a two-headed ogre
  8936 | D:9      | Reached skill level 13 in Ranged Weapons
  8983 | D:9      | 8983 ||| INVOKING Heroism.
  8984 | D:9      | 8984 ||| INVOKING Spit Poison.
  9018 | D:9      | Found an ancient bone altar of Kikubaaqudgha.
  9028 | D:9      | Found Ateizufe's General Store.
  9033 | D:9      | 9033 ||| SHOPLISTING potion of cancellation (96 gold, have
                  | 74).
  9039 | D:9      | 9039 ||| INVOKING Spit Poison.
  9043 | D:9      | 9043 ||| INVOKING Spit Poison.
  9049 | D:9      | 9049 ||| INVOKING Spit Poison.
  9055 | D:9      | 9055 ||| INVOKING Spit Poison.
  9210 | D:9      | Found a flagged portal.
  9211 | D:9      | 9211 ||| INVOKING Spit Poison.
  9217 | D:9      | 9217 ||| INVOKING Spit Poison.
  9298 | D:9      | Identified the +7 hand axe "Paagoxew" {venom, Drain rCorr
                  | Int+6}
  9356 | D:9      | Found a sacrificial altar of Ru.
  9534 | D:10     | Entered Level 10 of the Dungeon
  9651 | D:10     | 9651 ||| INVOKING Spit Poison.
  9656 | D:10     | 9656 ||| INVOKING Spit Poison.
  9661 | D:10     | 9661 ||| INVOKING Spit Poison.
  9664 | D:10     | 9664 ||| INVOKING Spit Poison.
  9669 | D:10     | 9669 ||| INVOKING Spit Poison.
  9786 | D:10     | Reached skill level 9 in Fighting
  9846 | D:10     | 9846 ||| INVOKING Heroism.
 10049 | D:10     | 10049 ||| INVOKING Spit Poison.
 10052 | D:10     | 10052 ||| INVOKING Spit Poison.
 10097 | D:10     | Found a portal to a secret trove of treasure.
 10190 | D:10     | Found a staircase to the Lair.
 10202 | D:10     | Noticed a two-headed ogre
 10203 | D:10     | 10203 ||| INVOKING Heroism.
 10206 | D:10     | 10206 ||| INVOKING Spit Poison.
 10209 | D:10     | 10209 ||| INVOKING Spit Poison.
 10210 | D:10     | Killed a two-headed ogre
 10441 | D:10     | 10441 ||| PLANNING LAIR
 10441 | D:10     | 10441 ||| DROPPING +6 ring of intelligence.
 10528 | Lair:1   | Entered Level 1 of the Lair of Beasts
 10536 | Lair:1   | 10536 ||| INVOKING Spit Poison.
 10564 | Lair:1   | Noticed a death yak
 10564 | Lair:1   | Noticed a death yak
 10565 | Lair:1   | 10565 ||| INVOKING Heroism.
 10565 | Lair:1   | Noticed a death yak
 10566 | Lair:1   | 10566 ||| INVOKING Spit Poison.
 10569 | Lair:1   | 10569 ||| INVOKING Spit Poison.
 10571 | Lair:1   | Killed a death yak
 10571 | Lair:1   | Reached *** piety under Okawaru
 10574 | Lair:1   | 10574 ||| INVOKING Spit Poison.
 10576 | Lair:1   | HP: 21/106 [death yak (11)]
 10577 | Lair:1   | 10577 ||| READING 5 scrolls of teleportation.
 10577 | Lair:1   | HP: 3/106 [komodo dragon (18)]
 10578 | Lair:1   | 10578 ||| DRINKING potion of heal wounds.
 10579 | Lair:1   | Slain by a komodo dragon

Levels and vault maps discovered:
D:1:      lemuel_arrival_hallway, layout_basic
D:2:      layout_basic, feat_on_display
D:3:      layout_loops_ring
D:4:      layout_loops_corners, nicolae_vehumet_radiance, serial_park_tiny_pond,
          minmay_pentangle, uniq_ijyb, uniq_robin
D:5:      layout_basic, corner_web_ring, saegor_snake_ambush
D:6:      layout_rooms, zin_scriptorium
D:7:      layout_basic, minmay_temple_entry_stoned_glass, enter_ossuary_4,
          uniq_crazy_yiuf_cottage, uniq_duvessa, uniq_maggie
D:8:      minmay_the_grid_four_pointed_star [minmay_the_grid_triangle_9x9_cache,
          minmay_the_grid_triangle_9x9_longest,
          minmay_the_grid_triangle_9x9_corruption,
          minmay_the_grid_triangle_9x9_odd_lines,
          minmay_the_grid_prize_trominoes], layout_basic, serial_shops,
          nicolae_take_the_stairs, shop, nicolae_shop_overgrown_old_shop, shop,
          minmay_microvault, uniq_maurice, uniq_joseph, uniq_erica
D:9:      layout_cave_pools, mainiacjoe_overflow_catch_the_wave, serial_shops,
          nicolae_shop_rolling_square, enter_bailey_3
D:10:     layout_grid_maze, lair_entry_dummy, nicolae_trove_entry_crystal
Temple:   dpeg_five_rooms_temple
Lair:1:   layout_roguey, grunt_forest_small_clearings, beast_lair_carwin_1

Skill      XL: |  1  2  3  4  5  6  7  8  9 10 11 |
---------------+----------------------------------+-----
Ranged Weapons | 4 5 6 8 9 11 12 13 | 13.5
Fighting       | 3 4 5 7 8 9 |  9.0
Dodging        | 2 3 4 5 |  5.1
Armour         | 1 2 |  2.0
Invocations    | 4 |  4.0
Stealth        | |  1.5

Action                     |  1- 3 |  4- 6 |  7- 9 | 10-12 || total
---------------------------+-------+-------+-------+-------++-------
   Fire: Shortbow          |    45 |   122 |   234 |    97 ||   498
         Orcbow            |       |       |       |   125 ||   125
 Invoke: Heroism           |       |       |     1 |    16 ||    17
Ability: Spit Poison       |    16 |    51 |    57 |    61 ||   185
    Use: Scroll            |     7 |    12 |     8 |     6 ||    33
         Potion            |       |     3 |     1 |     3 ||     7
 Armour: Leather armour    |     5 |    49 |    84 |    86 ||   224
  Dodge: Dodged            |     9 |    75 |   104 |   124 ||   312

Table legend:
 A = Non-vault XP
 B = Vault XP
 C = Vault XP percentage of total XP
 D = Non-vault monster count
 E = Vault monster count
 F = Vault count percentage of total count
                 A         B        C        D         E       F
            +---------+---------+-------+---------+---------+-------
      Total |   10535 |    5469 |  34.2 |     189 |      56 |  22.9
            +---------+---------+-------+---------+---------+-------
        D:1 |      50 |       0 |   0.0 |      22 |       0 |   0.0
        D:2 |     105 |       0 |   0.0 |      19 |       0 |   0.0
        D:3 |      67 |       0 |   0.0 |      18 |       0 |   0.0
        D:4 |     268 |     116 |  30.2 |      19 |      18 |  48.6
        D:5 |     461 |       1 |   0.2 |      17 |       1 |   5.6
        D:6 |    1416 |       0 |   0.0 |      31 |       0 |   0.0
        D:7 |     544 |     634 |  53.8 |       8 |       5 |  38.5
        D:8 |    2467 |    4459 |  64.4 |      28 |      13 |  31.7
        D:9 |    2074 |       7 |   0.3 |      15 |       4 |  21.1
       D:10 |    2045 |       0 |   0.0 |       9 |       0 |   0.0
     Lair:1 |    1038 |       0 |   0.0 |       3 |       0 |   0.0
    Ossuary |       0 |     252 | 100.0 |       0 |      15 | 100.0
            +---------+---------+-------+---------+---------+-------
